 Dungeon Crawl Stone Soup version 0.28.0-1-gb440e238dd (webtiles) character file.

Game seed: 10247045889421709248

31763 croobank the Placeless Draconian (level 13, -6/77 HPs)
             Began as a Green Draconian Fire Elementalist on Feb 24, 2022.
             Was a High Priest of Hepliaklqana.
             Engulfed by a cloud of flame (24 damage)
             ... on level 3 of the Lair of Beasts.
             The game lasted 01:14:04 (14879 turns).

croobank the Placeless Draconian (DrFE)            Turns: 14879, Time: 01:14:05

Health: -6/77      AC: 19    Str: 10    XL:     13   Next: 27%
Magic:  15/25      EV: 14    Int: 19    God:    Hepliaklqana [*****.]
Gold:   702        SH:  5    Dex: 14    Spells: 8/28 levels left

rFire   . . .      SeeInvis .   o - +3 quarterstaff (chaos)
rCold   . . .      Faith    .   (shield currently unavailable)
rNeg    . . .      Spirit   .   (armour unavailable)
rPois   +          Reflect  +   (helmet restricted)
rElec   .          Harm     .   B - scarf {shadows}
rCorr   .          Rampage  .   (no gloves)
Will    .....                   c - +2 pair of boots
Stlth   +++.......              n - amulet of reflection
HPRegen 0.22/turn               e - +4 ring of protection
MPRegen 0.19/turn               m - +4 ring of protection

@: slowed, very slow
A: reduced essence, breathe noxious fumes, AC +8, unfitting armour, poison
resistance, cold-blooded
a: Breathe Noxious Fumes, Renounce Religion, Recall Ancestor, Ancestor Identity,
Transference, Idealise


You were on level 3 of the Lair of Beasts.
You worshipped Hepliaklqana.
Hepliaklqana was extremely pleased with you.
You visited 2 branches of the dungeon, and saw 12 of its levels.
You also visited: Ossuary.

You collected 702 gold pieces.

Inventory:

Hand Weapons
 a - a +2 dagger of electrocution
 b - a +0 hunting sling
 g - a +0 hand crossbow
 o - a +3 quarterstaff of chaos (weapon)
 r - a +0 falchion of draining
 t - a +2 mace of protection
 w - a +0 whip of flaming
 y - a +4 trident of protection
 A - a +0 long sword
 D - the +4 mace "Goblinbane" {elec, *Noise rC+++ Str+3 Dex+2}
   (You found it on level 4 of the Dungeon)

   It occasionally discharges a powerful burst of electricity upon striking a
   foe.
   Str:       It affects your strength (+3).
   Dex:       It affects your dexterity (+2).
   rC:        It renders you almost immune to cold.
   *Noise:    It may make noises in combat.
 Q - a +2 halberd
 R - a +0 battleaxe
 U - a +0 glaive of flaming
 W - a +1 short sword of distortion
Missiles
 d - 4 javelins
 h - 295 stones
 q - 7 throwing nets
 s - 157 arrows
 x - 70 bolts
 M - 79 sling bullets
 X - 4 curare-tipped darts
Armour
 c - a +2 pair of boots (worn)
 l - a +0 buckler
 B - a scarf of shadows (worn)
 C - a +2 cloak of willpower
Jewellery
 e - a +4 ring of protection (left hand)
 i - the ring "Apreda" {*Corrode Str+10 Slay+4}
   (You found it on level 1 of the Lair of Beasts)

   [ring of slaying]

   Str:       It affects your strength (+10).
   Slay:      It affects your accuracy & damage with ranged weapons and melee
   (+4).
   *Corrode:  It may corrode you when you take damage.
 m - a +4 ring of protection (right hand)
 n - an amulet of reflection (around neck)
 S - a ring of fire
Wands
 k - a wand of iceblast (6)
 u - a wand of flame (26)
 J - a wand of polymorph (14)
 L - a wand of digging (1)
 P - a wand of acid (11)
Scrolls
 f - 3 scrolls of amnesia
 p - 2 scrolls of fog
 E - 2 scrolls of fear
 F - a scroll of immolation {unknown}
 H - a scroll of enchant weapon {unknown}
 O - 3 scrolls of magic mapping
 T - a scroll of silence {unknown}
 V - 2 scrolls of identify
Potions
 j - 4 potions of lignification
 v - 2 potions of mutation {unknown}
 z - a potion of cancellation {unknown}
 G - 3 potions of flight
 I - 2 potions of berserk rage {unknown}
 K - a potion of curing


   Skills:
 - Level 5.9 Dodging
 - Level 6.4 Stealth
 - Level 8.2 Spellcasting
 - Level 6.2 Conjurations
 + Level 5.4 Hexes
 - Level 9.9 Translocations
 - Level 8.2 Transmutations
 - Level 9.3 Fire Magic
 + Level 6.0 Air Magic


You had 8 spell levels left.
You knew the following spells:

 Your Spells              Type           Power      Damage    Failure   Level
a - Foxfire               Conj/Fire      100%       2x1d9     1%          1
b - Scorch                Fire           86%        2d9       1%          2
c - Flame Wave            Conj/Fire      37%        2d9       3%          4
d - Manifold Assault      Tloc           45%        N/A       4%          5
e - Confusing Touch       Hex            28%        N/A       2%          3
f - Silence               Hex/Air        14%        N/A       24%         5

Your spell library contained the following spells:

 Spells                   Type           Power      Damage    Failure   Level
 Apportation              Tloc           90%        N/A       1%          1
 Magic Dart               Conj           100%       1d8       1%          1
 Sting                    Tmut/Pois      92%        1d7       1%          1
 Blink                    Tloc           90%        N/A       1%          2
 Searing Ray              Conj           62%        2d6       1%          2
 Static Discharge         Conj/Air       31%        N/A       1%          2
 Conjure Flame            Conj/Fire      37%        6-21      1%          3
 Inner Flame              Hex/Fire       36%        N/A       1%          3
 Lesser Beckoning         Tloc           45%        N/A       1%          3
 Passage of Golubria      Tloc           45%        N/A       1%          4
 Corpse Rot               Necr/Air       38%        N/A       3%          2
 Poisonous Vapours        Pois/Air       38%        N/A       3%          2
 Fulminant Prism          Conj/Hex       15%        3d11      8%          4
 Animate Skeleton         Necr           14%        N/A       9%          1
 Pain                     Necr           28%        1d5       9%          1
 Summon Small Mammal      Summ           28%        N/A       9%          1
 Blade Hands              Tmut           19%        N/A       9%          5
 Irradiate                Conj/Tmut      17%        3d19      12%         5
 Yara's Violent Unravell  Hex/Tmut       16%        3d8       14%         5
 Ice Form                 Ice/Tmut       23%        N/A       16%         4
 Lightning Bolt           Conj/Air       15%        1d29      21%         5
 Frozen Ramparts          Ice            14%        1d3       26%         3
 Anguish                  Hex/Necr       9%         N/A       28%         4
 Olgreb's Toxic Radiance  Pois           7%         N/A       65%         4
 Summon Ice Beast         Ice/Summ       7%         N/A       65%         4
 Agony                    Necr           7%         N/A       94%         5
 Excruciating Wounds      Necr           3%         N/A       94%         5
 Dragon Form              Tmut           19%        N/A       95%         7
 Enfeeble                 Hex            14%        N/A       100%        7
 Malign Gateway           Summ/Tloc      13%        N/A       100%        7
 Lehudib's Crystal Spear  Conj/Erth      9%         10d4      100%        8
 Maxwell's Capacitive Co  Air            15%        ∞         100%        8


Dungeon Overview and Level Annotations

Branches:
Dungeon (9/15)             Temple (0/1) D:7            Lair (3/6) D:9
  Swamp (0/4) Lair:3      Ossuary (visited)
  Snake: Lair:2-4    Spider: Lair:2-4       Orc: D:9-12

Altars:
Gozag
Hepliaklqana
Kikubaaqudgha
Xom

Shops:
D:4 :   D:8 =

Annotations:
D:5 3 runed translucent doors, SnakkuSnakku7's ghost, novice DEAr
Lair:3 3 runed translucent doors, Yjeari's ghost, journeyman GrMo


Innate Abilities, Weirdness & Mutations

Your life essence is reduced to manifest your ancestor. (-10% HP)
You can breathe blasts of noxious fumes.
Your lurid green scales are hard. (AC +8)
You cannot fit into any form of body armour.
Your system is resistant to poisons. (rPois)
You are cold-blooded and may be slowed by cold attacks.


Message History

A cane toad comes into view.
Something gores the plant!
Something stings the plant!
The yak gores you but does no damage.
The torpor snail bites the plant!
The bullfrog hits the plant.
Something bites the plant!
A cane toad comes into view.
The wyvern bites Lucius.
Something hits the plant.
Lucius hits the wyvern with a +0 quarterstaff.
Casting: Flame Wave (dangerous; 3% risk of failure)
Confirm with . or Enter, or press ? or * to list all spells.
Space momentarily warps into an impossible shape!
You thump the cane toad!
The cane toad seems to slow down.
You freeze the cane toad. You hit the torpor snail. You hit the cane toad.
The cane toad suddenly seems more agile.
You are engulfed in blazing flames.
* * * LOW HITPOINT WARNING * * *
A nearby plant withers and dies. x3; Something stings the plant!!
The wyvern barely misses Lucius.
Something hits the plant.
The plant begins to die.
Something gores the plant!
The yak is engulfed in blazing flames.
You kill the yak!
Something stings the plant.
The wyvern closely misses Lucius.
A bullfrog comes into view.
Something gores the plant.
Lucius hits the wyvern with a +0 quarterstaff!
The wyvern dies!
The komodo dragon bites the plant!
Something stings the plant!
The plant looks as sick as possible!
Something poisons the plant!
The bullfrog moves out of view.
Your Air Magic skill increases to level 6!
Okay, then.
You feel much better.
You are engulfed in blazing flames.
* * * LOW HITPOINT WARNING * * *
A nearby plant withers and dies.
Something bites the plant.
The plant begins to die.
Something claws the plant. x2
The cane toad closely misses Lucius.
Lucius gestures at the cane toad while chanting.
The puff of frost hits the cane toad.
The cane toad barely misses Lucius.
Okay, then.
You feel better.
You are engulfed in blazing flames.
You die...

P....<...##.#
#.#.........#
####P.###.#.#♣ ##.#
##..#.♣ #
#.†###...#♣§♣♣♣# .#
##.##....#§§§§§# $.#
##P..#....#§§§§§# .F..
#....##...§§§§§§#FY.F.
##...##....§§§@RFwl≈P.
#..##.....§§§§§#FlPP.
##..#....#§§§§§# F)..
#.###.#.#§§§§§# l.#
###...#...#♣§♣♣♣# .#
###P#.......#.♣ #
............#♣
.......#....
.......#....


You could see the friendly Lucius the battlemage (slow), a torpor snail, 2
komodo dragons, a yak, 3 cane toads and 2 bullfrogs.

Vanquished Creatures
  Harold (D:8)
  Sonja (Lair:3)
  Pikel (D:4)
  A bog body (Lair:3)
  A lindwurm (Lair:3)
  4 elephants (Lair:3)
  2 black mambas (Lair:1)
  A cane toad (Lair:2)
  2 komodo dragons (Lair:1)
  Grinder (D:6)
  A polar bear (Lair:2)
  2 blink frogs (Lair:1)
  12 yaks
  A steam dragon (Lair:2)
  A basilisk (Lair:1)
  5 water moccasins
  An acid dragon (D:8)
  An ice beast (D:6)
  3 black bears
  2 necrophages
  2 sky beasts
  2 wolves
  3 centaurs (D:7)
  5 ogres
  A lemure (D:4)
  3 bullfrogs
  A gnoll sergeant (D:9)
  3 wyvern zombies
  2 scorpions
  A water moccasin skeleton (D:5)
  4 wights (D:8)
  4 killer bees (D:9)
  3 howler monkeys
  An orc priest (D:6)
  A hound (D:7)
  A jelly (D:6)
  Jessica (D:2)
  Natasha (twice) (D:3)
  3 hell rats (Lair:3)
  3 orc wizards
  2 killer bee zombies
  7 mummies (Ossuary)
  A howler monkey skeleton (D:5)
  5 adders
  19 gnolls
  2 white imps
  An ufetubus (D:7)
  A worm (D:3)
  2 dart slugs
  10 orcs
  9 ball pythons
  4 bats
  4 endoplasms
  3 giant cockroaches
  12 goblins
  9 hobgoblins
  4 quokkas
  5 frilled lizards
  2 gnoll skeletons (Ossuary)
  2 goblin skeletons (Ossuary)
  6 kobolds
  A kobold skeleton (Ossuary)
  2 orc skeletons (Ossuary)
  7 rats
  8 rat skeletons (Ossuary)
218 creatures vanquished.

Vanquished Creatures (collateral kills)
  2 hydras
  A two-headed ogre (D:9)
  A bog body (Lair:3)
  3 elephants (Lair:3)
  Maurice (D:8)
  2 cane toads (Lair:2)
  A komodo dragon (Lair:3)
  Maggie (Lair:2)
  A polar bear (Lair:3)
  2 blink frogs (Lair:1)
  A shadow (D:9)
  9 yaks
  3 wyverns
  4 basilisks
  Menkaure (D:6)
  6 water moccasins
  An orc warrior (D:6)
  2 black bears (D:9)
  2 ogres (D:5)
  2 centaurs
  A phantom (D:5)
  5 bullfrogs
  Blork the orc (D:4)
  A scorpion (D:6)
  A water moccasin skeleton (D:4)
  2 howler monkeys
  2 orc priests
  Crazy Yiuf (D:4)
  A centaur skeleton (D:7)
  2 gnoll shamans
  3 iguanas
  2 hell rats (Lair:3)
  2 orc wizards
  7 mummies (Ossuary)
  Robin (D:3)
  8 gnolls
  An ufetubus (D:5)
  2 orcs (D:5)
  A goblin (D:3)
  A quokka (D:5)
  A goblin skeleton (Ossuary)
  3 rat skeletons (Ossuary)
  2 foxfires
97 creatures vanquished.

Vanquished Creatures (others)
  8 battlemagi
  An ancestor (D:4)
  296 foxfires
  13 fungi
  25 plants
343 creatures vanquished.

Grand Total: 658 creatures vanquished

Notes
Turn   | Place    | Note
-------+----------+-------------------------------------------
     0 | D:1      | croobank the Draconian Fire Elementalist began the quest
                  | for the Orb.
     0 | D:1      | Reached XP level 1. HP: 14/14 MP: 3/3
   452 | D:1      | Reached XP level 2. HP: 20/20 MP: 3/5
   461 | D:1      | Learned a level 2 spell: Scorch
   585 | D:1      | Found a faded altar of an unknown god.
   617 | D:1      | Got Plato's Tome of Conjuration
  1187 | D:2      | Found a hazy altar of Hepliaklqana.
  1223 | D:2      | Became a worshipper of Hepliaklqana the Forgotten
  1245 | D:2      | Reached XP level 3. HP: 26/26 MP: 2/6
  1718 | D:2      | Reached XP level 4. HP: 33/33 MP: 0/7
  1727 | D:2      | Learned a level 4 spell: Flame Wave
  1784 | D:2      | Noticed Jessica
  1791 | D:2      | Killed Jessica
  1800 | D:2      | Got Jessica's Almanac of Stolen Souls
  2684 | D:3      | Reached * piety under Hepliaklqana
  2803 | D:3      | Reached XP level 5. HP: 24/34 MP: 0/9
  2917 | D:3      | Noticed Natasha
  2921 | D:3      | Killed Natasha
  3059 | D:3      | Noticed Natasha
  3062 | D:3      | Killed Natasha
  3492 | D:3      | Noticed Robin
  3504 | D:3      | Killed Robin
  3753 | D:3      | Reached XP level 6. HP: 39/40 MP: 10/10
  4044 | D:4      | Found Idehelall's Book Shop.
  4058 | D:4      | Noticed Pikel
  4097 | D:4      | Killed Pikel
  4098 | D:4      | Your scales start taking on a lurid green colour.
  4098 | D:4      | Reached XP level 7. HP: 27/45 MP: 2/12
  4098 | D:4      | Gained mutation: Your system is resistant to poisons.
                  | (rPois) [Green Draconian growth]
  4286 | D:4      | Reached skill level 5 in Fire Magic
  4334 | D:4      | Found an ancient bone altar of Kikubaaqudgha.
  4385 | D:4      | Found a shimmering altar of Xom.
  4407 | D:4      | Reached ** piety under Hepliaklqana
  4408 | D:4      | Remembered your ancestor Lucius as a battlemage
  4431 | D:4      | Reached XP level 8. HP: 51/51 MP: 9/14
  4711 | D:4      | Noticed Blork the orc
  4716 | D:4      | Killed Blork the orc
  4786 | D:4      | Found a runed translucent door.
  4787 | D:4      | Noticed Crazy Yiuf
  4796 | D:4      | Killed Crazy Yiuf
  4801 | D:4      | Identified the +4 mace "Goblinbane" {elec, *Noise rC+++
                  | Str+3 Dex+2}
  4981 | D:5      | Entered Level 5 of the Dungeon
  5033 | D:5      | Reached skill level 5 in Stealth
  5056 | D:5      | Reached skill level 5 in Conjurations
  5080 | D:5      | Reached skill level 5 in Spellcasting
  5250 | D:5      | Reached skill level 5 in Dodging
  5275 | D:5      | Reached XP level 9. HP: 55/55 MP: 10/16
  5406 | D:5      | Found a sand-covered staircase.
  5407 | D:5      | Found an opulent altar of Gozag.
  5413 | Ossuary  | Entered an ossuary
  6149 | D:5      | Found a runed translucent gate.
  6149 | D:5      | Found a runed translucent gate.
  6150 | D:5      | Found a runed translucent gate.
  6152 | D:5      | Noticed SnakkuSnakku7's ghost (novice DEAr)
  6157 | D:5      | Identified the +5 mace "Hoil" {speed, *Corrode +Blink rC+
                  | rN+++}
  6685 | D:6      | Noticed Menkaure
  6693 | D:6      | Killed Menkaure
  6827 | D:6      | Reached *** piety under Hepliaklqana
  6885 | D:6      | Noticed Grinder
  6893 | D:6      | Killed Grinder
  7677 | D:7      | Learned a level 5 spell: Manifold Assault
  7707 | D:7      | Reached skill level 1 in Translocations
  8156 | D:7      | Reached **** piety under Hepliaklqana
  8175 | D:7      | Noticed a seven-headed hydra
  8181 | D:7      | Killed a seven-headed hydra
  8182 | D:7      | Reached XP level 10. HP: 45/62 MP: 12/19
  8323 | D:7      | Found a staircase to the Ecumenical Temple.
  8758 | D:8      | Reached skill level 5 in Translocations
  9019 | D:8      | Noticed Maurice
  9024 | D:8      | Killed Maurice
  9026 | D:8      | Found Tiohet's Jewellery Shop.
  9441 | D:8      | Noticed Harold
  9449 | D:8      | Killed Harold
  9853 | D:9      | Found a staircase to the Lair.
 10338 | D:9      | Learned a level 3 spell: Confusing Touch
 10621 | D:9      | Reached XP level 11. HP: 64/66 MP: 18/21
 10690 | D:9      | Noticed a two-headed ogre
 10695 | D:9      | Killed a two-headed ogre
 11279 | Lair:1   | Entered Level 1 of the Lair of Beasts
 11780 | Lair:1   | Reached ***** piety under Hepliaklqana
 11786 | Lair:1   | Reached XP level 12. HP: 48/72 MP: 2/23
 11959 | Lair:1   | Identified the ring "Apreda" {*Corrode Str+10 Slay+4}
 12747 | Lair:2   | Noticed a six-headed hydra
 12756 | Lair:2   | Killed a six-headed hydra
 12757 | Lair:2   | Reached skill level 1 in Hexes
 12757 | Lair:2   | Reached skill level 1 in Air Magic
 13223 | Lair:2   | Got the Disquisition on Quantum Unholy Rituals
 13404 | Lair:2   | Learned a level 5 spell: Silence
 13546 | Lair:2   | Noticed Maggie
 13590 | Lair:2   | Killed Maggie
 13836 | Lair:2   | You fall into a shaft and drop 1 floor!
 13909 | Lair:3   | Reached XP level 13. HP: 39/77 MP: 20/25
 14106 | Lair:3   | Found a runed translucent gate.
 14106 | Lair:3   | Found a runed translucent gate.
 14107 | Lair:3   | Found a runed translucent gate.
 14110 | Lair:3   | Noticed Yjeari's ghost (journeyman GrMo)
 14197 | Lair:3   | Reached skill level 5 in Air Magic
 14326 | Lair:3   | Noticed Sonja
 14331 | Lair:3   | Killed Sonja
 14354 | Lair:3   | Reached skill level 5 in Hexes
 14781 | Lair:3   | Found a staircase to the Swamp.
 14879 | Lair:3   | Engulfed by a cloud of flame

Illustrated notes

Levels and vault maps discovered:
D:1:      evilmike_arrival_home_sweet_home, layout_basic,
          shapermc_ecumenical_altar_rom_forum
D:2:      layout_basic, basic_altar, kennysheep_jessica_study
D:3:      layout_loops_ring, gup_sewer_entry_spiral, roderic_serpentine_path,
          uniq_robin, uniq_natasha
D:4:      layout_rooms, mainiacjoe_overflow_large_starburst, serial_shops, shop,
          serial_curves, eino_curves_04, eino_curves_01, eino_curves_01,
          uniq_crazy_yiuf_cottage, uniq_blork_the_orc, uniq_pikel
D:5:      minmay_angry_zag, layout_rooms, nicolae_gozag_seed_capital,
          nicolae_ossuary_entry_monument, biasface_ghost_orc_armoury,
          chequers_big_river, minmay_misc_feat_secret_circle
D:6:      layout_loops_cross, minmay_misc_feat_plants, uniq_grinder,
          uniq_menkaure
D:7:      layout_gridville, minmay_temple_entry_enclosed_plants,
          serial_bayou_pond_a, grunt_ogre_cave
D:8:      layout_loops_ring, minmay_shop_enchanted_jewellery, uniq_harold,
          uniq_maurice
D:9:      layout_roguey, minmay_lair_entry_grove
Lair:1:   layout_regular_city
Lair:2:   layout_hall_layers, nicolae_quartered_pool_medium, uniq_maggie
Lair:3:   nzn_winding_woodlands_small [nzn_winding_woodlands_5x15_sidewinder,
          nzn_winding_woodlands_center_garden,
          nzn_winding_woodlands_5x15_sawtooth], layout_loops_ring,
          skrybe_swamp_entry_bodies, gammafunk_ghost_split,
          eino_house_with_fridge, uniq_sonja

Skill      XL: |  1  2  3  4  5  6  7  8  9 10 11 12 13 |
---------------+----------------------------------------+-----
Stealth        | 2 3 4 5 6 |  6.4
Dodging        | 2 3 4 5 |  5.9
Conjurations   | 2 3 4 5 6 |  6.2
Spellcasting   | 3 4 5 6 7 8 |  8.2
Fire Magic     | 4 5 6 7 8 9 |  9.3
Translocations | 4 8 9 |  9.9
Transmutations | 8 |  8.2
Hexes          | 3 5 |  5.4
Air Magic      | 4 6 |  6.0

Action                   |  1- 3 |  4- 6 |  7- 9 | 10-12 | 13-15 || total
-------------------------+-------+-------+-------+-------+-------++-------
Melee: Unarmed           |    26 |       |       |       |       ||    26
       Punch             |     2 |       |     1 |     2 |       ||     5
       Whip              |    11 |    48 |       |       |       ||    59
       Tailslap          |     1 |     8 |     8 |    15 |     6 ||    38
       Dagger            |       |    20 |     2 |       |       ||    22
       Mace              |       |       |    62 |    83 |       ||   145
       Quarterstaff      |       |       |       |    17 |    34 ||    51
 Cast: Foxfire           |    31 |    30 |    54 |    46 |    18 ||   179
       Scorch            |     8 |    32 |    81 |   101 |    19 ||   241
       Flame Wave        |       |       |       |    10 |     3 ||    13
       Manifold Assault  |       |       |       |     1 |     4 ||     5
       Confusing Touch   |       |       |       |     1 |       ||     1
       Silence           |       |       |       |     1 |       ||     1
Invok: Ancestor Life: Ba |       |       |     1 |       |       ||     1
       Recall Ancestor   |       |       |     1 |     1 |       ||     2
 Abil: Breathe Noxious F |       |       |     8 |    14 |       ||    22
  Use: Scroll            |       |     4 |    15 |     6 |     1 ||    26
       Potion            |       |     1 |     1 |     5 |     3 ||    10
 Stab: Sleeping          |       |       |     3 |     3 |       ||     6
       Distracted        |       |       |     1 |     2 |       ||     3
Armor: Skin              |    18 |    33 |    24 |   112 |    39 ||   226
Dodge: Dodged            |    19 |    52 |    44 |   163 |    33 ||   311
Block: Other             |     6 |    22 |    16 |    59 |    11 ||   114
       Reflection        |       |       |     1 |     2 |       ||     3
